 Dungeon Crawl Stone Soup version 0.31.0-1-g2c135a008e (webtiles) character file.

Game seed: 3064632329212002466

39 qw the Shooter (level 3, 0/28 HPs)
             Began as a Djinni Hunter on Jan 23, 2024.
             Was an Initiate of Okawaru.
             Slain by Terence
             ... wielding a +0 short sword
              (3 damage)
             ... on level 2 of the Dungeon.
             The game lasted 00:00:02 (990 turns).

qw the Shooter (Djinni Hunter)                       Turns: 990, Time: 00:00:03

Health: 0/28       AC:  5    Str: 10    XL:     3   Next: 70%
Gold:   61         EV: 11    Int: 10    God:    Okawaru [......] SH:  0 Dex: 18

rFire   + + .        a - +0 shortbow
rCold   . . .        (shield currently unavailable)
rNeg    . . .        e - +0 ring mail
rPois   inf          (no helmet)
rElec   .            (no cloak)
rCorr   .            (no gloves)
SInv    .            (boots unavailable)
Will    .....        (no amulet)
Stlth   +            c - ring of protection from cold
HPRegen 0.24/turn    (no ring)
MPRegen 0.00/turn

%: infuse magic (-1 HP)
@: flying
A: sickness immunity, fire resistance 2, cold vulnerability 1, float, innate
caster, HP casting, extra vitality 1
a: Renounce Religion


You were on level 2 of the Dungeon.
You worshipped Okawaru.
Okawaru was noncommittal.
You visited 1 branch of the dungeon, and saw 2 of its levels.

You collected 61 gold pieces.


Innate Abilities, Weirdness & Mutations

You are immune to sickness and miasma.
You are immune to poison.
Your flesh is very heat resistant. (rF++)
You are vulnerable to cold. (rC-)
You float through the air rather than walking.
You learn spells naturally, not from books.
Your magical power is your life essence.
You have superior vitality. (+4 MHP)


   Skills:
 + Level 2.0 Fighting
 - Level 4.0 Ranged Weapons
 - Level 1.4 Armour
 - Level 2.1 Dodging
 - Level 0.7 Stealth


You knew the following spells:

 Your Spells              Type           Power      Damage    Failure   Level
a - Slow                  Hex            0%         N/A       67%         1
Your spell library was empty.

Inventory:

Hand Weapons
 a - a +0 shortbow (weapon)
Armour
 e - a +0 ring mail (worn)
Jewellery
 c - a ring of protection from cold (left hand)
Scrolls
 b - 3 scrolls of identify {unknown}
Potions
 d - a potion of brilliance {unknown}
 f - 2 potions of lignification {unknown}

Dungeon Overview and Level Annotations

Branches:
Dungeon (2/15)

Altars:
Okawaru

Annotations:
D:2 Terence


Message History

You shoot an arrow.
The arrow hits Terence but does no damage.
Terence is moderately wounded.
You shoot an arrow.
The arrow hits Terence but does no damage.
Terence is moderately wounded.
Terence misses you. Terence hits you with a +0 short sword.
You shoot an arrow.
The arrow hits Terence but does no damage.
Terence is lightly wounded.
Terence hits you with a +0 short sword.
You shoot an arrow.
The arrow hits Terence but does no damage.
Terence is lightly wounded.
Terence hits you with a +0 short sword. x2
You shoot an arrow. The arrow completely misses Terence.
Terence hits you with a +0 short sword.
You shoot an arrow. The arrow barely misses Terence.
Terence hits you with a +0 short sword.
You shoot an arrow.
The arrow hits Terence but does no damage.
Terence is lightly wounded.
Terence hits you but does no damage. Terence hits you with a +0 short sword.
You shoot an arrow. The arrow barely misses Terence.
Terence hits you but does no damage.
You shoot an arrow. The arrow hits Terence!
Terence is heavily wounded.
Terence hits you with a +0 short sword.
You shoot an arrow. The arrow hits Terence!
Terence is almost dead.
Terence shouts, "DIE!!!"
Terence hits you but does no damage. Terence closely misses you.
You shoot an arrow. The arrow completely misses Terence.
Terence hits you with a +0 short sword.
You shoot an arrow.
The arrow hits Terence but does no damage.
Terence is almost dead.
Terence hits you with a +0 short sword.
You die...
Terence says, "That felt goooood."

####...##........#
###+##.#
#...##........##
#.##.#
######)........##
#.##.#
#..........#
#.##.#
#........#.##
#.##.#
#########...#
#....#
#...####..###
####.#..#..%.#
#..@.#.>...#.#
#..@###.###.#.#
#..% #.....#.#
..... ####....#
....... #.####
....... #.##.#
....... #|...#
....... ####.####
######....#


You could see Terence.

Vanquished Creatures
  An adder (D:2)
  A dart slug (D:2)
  3 ball pythons
  3 endoplasms (D:1)
  2 goblins (D:1)
  4 hobgoblins (D:2)
  2 bats
  2 frilled lizards (D:1)
  6 kobolds
  2 rats
26 creatures vanquished.

Notes
Turn   | Place    | Note
-------+----------+-------------------------------------------
     0 | D:1      | qw the Djinni Hunter began the quest for the Orb.
     0 | D:1      | Reached XP level 1. HP: 18/18 MP: 0/0
     0 | D:1      | 0 ||| qw: Version: 0.3-a-135-gb77e89d
     0 | D:1      | 0 ||| qw: Game counter: 907
     0 | D:1      | 0 ||| qw: Melee chars always use a shield: true
     0 | D:1      | 0 ||| qw: God list: Okawaru
     0 | D:1      | 0 ||| qw: Allow faded altars: false
     0 | D:1      | 0 ||| qw: Do Orc after clearing Dungeon:15 true
     0 | D:1      | 0 ||| qw: Do second Lair branch before Depths: true
     0 | D:1      | 0 ||| qw: Lair rune preference: random
     0 | D:1      | 0 ||| qw: Goals: Normal
     0 | D:1      | 0 ||| PLANNING D:1-11
    49 | D:1      | 49 ||| UPGRADING to +0 ring mail.
    59 | D:1      | 59 ||| DROPPING +0 leather armour.
   181 | D:1      | Reached XP level 2. HP: 23/23 MP: 0/0
   717 | D:1      | 717 ||| UPGRADING to ring of protection from cold.
   718 | D:1      | 718 ||| DROPPING scroll of butterflies.
   772 | D:2      | Found an iron altar of Okawaru.
   773 | D:2      | 773 ||| PLANNING OKAWARU WORSHIP
   779 | D:2      | Became a worshipper of Warmaster Okawaru
   780 | D:2      | 780 ||| PLANNING D:1-11
   853 | D:2      | Reached XP level 3. HP: 28/28 MP: 0/0
   853 | D:2      | Learned a level 1 spell: Slow
   854 | D:2      | Reached skill level 4 in Ranged Weapons
   967 | D:2      | Reached skill level 1 in Armour
   974 | D:2      | Noticed Terence
   985 | D:2      | HP: 5/28 [Terence/+0 short sword (4)]
   990 | D:2      | Slain by Terence

Levels and vault maps discovered:
D:1:      erik_arrival_cave_to_civilisation [erik_arrival_cave_to_hall],
          layout_basic
D:2:      layout_basic, basic_altar, serial_shops, shop,
          uniq_crazy_yiuf_cottage, uniq_terence

Skill      XL: |  1  2  3 |
---------------+----------+-----
Ranged Weapons | 4 |  4.0
Armour         | 1 |  1.4
Fighting       | |  2.0
Dodging        | |  2.1
Stealth        | |  0.7

Action                     || total
---------------------------++-------
   Fire: Shortbow          ||    73
 Armour: Ring mail         ||    25
  Dodge: Dodged            ||    16

Table legend:
 A = Non-vault XP
 B = Vault XP
 C = Vault XP percentage of total XP
 D = Non-vault monster count
 E = Vault monster count
 F = Vault count percentage of total count
                 A         B        C        D         E       F
            +---------+---------+-------+---------+---------+-------
      Total |      55 |       2 |   3.5 |      24 |       2 |   7.7
            +---------+---------+-------+---------+---------+-------
        D:1 |      19 |       2 |   9.5 |      12 |       2 |  14.3
        D:2 |      36 |       0 |   0.0 |      12 |       0 |   0.0
            +---------+---------+-------+---------+---------+-------
